 Dungeon Crawl Stone Soup version 0.31.0-1-g2c135a0 (webtiles) character file.

Game seed: 5661203745507438007

332 reshaube the Covered (level 6, 0/52 HPs)
             Began as an Armataur Berserker on Feb 13, 2024.
             Was a Priest of Trog.
             Slain by a +7 spear of the Forest {spect, Int+4} (2 damage)
             ... created by a hobgoblin
             ... on level 4 of the Dungeon.
             The game lasted 00:14:12 (2653 turns).

reshaube the Covered (Armataur Berserker)           Turns: 2653, Time: 00:14:12

Health: 0/52       AC: 11    Str: 24    XL:     6   Next: 26%
Magic:  6/6        EV:  4    Int:  8    God:    Trog [***...]
Gold:   124        SH:  9    Dex:  9    Spells: 5/5 levels left

rFire   . . .        a - +0 hand axe
rCold   . . .        w - +0 tower shield
rNeg    . . .        f - +0 chain mail
rPois   .            (no helmet)
rElec   .            h - +2 cloak
rCorr   .            (no gloves)
SInv    .            (no barding)
Will    .....        (no amulet) Stlth
                     (no ring)
HPRegen 0.28/turn    (no ring)
MPRegen 0.10/turn

%: roll
@: on berserk cooldown, slowed, very slow
A: large, deformed body, tough skin 3, armoured tail, roll 1
a: Renounce Religion, Berserk, Trog's Hand


You were on level 4 of the Dungeon.
You worshipped Trog.
Trog was most pleased with you.
You visited 1 branch of the dungeon, and saw 4 of its levels.

You collected 124 gold pieces.

Inventory:

Hand Weapons
 a - a +0 hand axe (weapon)
Missiles
 j - 15 stones (quivered)
Armour
 b - a +0 animal skin
 f - a +0 chain mail (worn)
 h - a +2 cloak (worn)
 w - a +0 tower shield (worn)
Jewellery
 q - a ring of fire
Wands
 p - a wand of polymorph (11)
Scrolls
 d - a scroll of blinking {unknown}
 i - 2 scrolls of identify {unknown}
 k - 2 scrolls of teleportation {unknown}
 m - a scroll of amnesia {unknown}
 n - 4 scrolls of fear {unknown}
 r - a scroll of fog {unknown}
 s - a scroll of immolation {unknown}
Potions
 c - a potion of haste {unknown}
 e - 2 potions of mutation {unknown}
 g - 2 potions of enlightenment {unknown}
 l - a potion of brilliance {unknown}
 o - a potion of cancellation {unknown}
 t - a potion of curing {unknown}


   Skills:
 + Level 3.9 Fighting
 + Level 3.5 Axes
 + Level 4.5 Armour
 + Level 2.7 Dodging


You had 5 spell levels left.
You didn't know any spells.
Your spell library was empty.

Dungeon Overview and Level Annotations

Branches:
Dungeon (4/15)
 Temple: D:4-7

Altars:
Trog
Uskayaw


Innate Abilities, Weirdness & Mutations

Armour fits poorly on your strangely shaped body.
You have extremely tough skin. (AC +3)
You have a long armoured tail.
You regenerate magic when rolling toward enemies. (Rampage MPRegen)


Message History

You block the hobgoblin's attack.
The +7 spear of the Forest {spect, Int+4} hits you.
You hit the +7 spear of the Forest {spect, Int+4} but do no damage.
You block the hobgoblin's attack.
You block the +7 spear of the Forest {spect, Int+4}'s attack.
The hobgoblin hits you from afar with the +7 spear of the Forest {spect, Int+4}!
The +7 spear of the Forest {spect, Int+4} hits you.
You closely miss the +7 spear of the Forest {spect, Int+4}.
The hobgoblin hits you from afar with the +7 spear of the Forest {spect, Int+4}.
You block the +7 spear of the Forest {spect, Int+4}'s attack.
You block the hobgoblin's attack.
The +7 spear of the Forest {spect, Int+4} hits you!
You closely miss the +7 spear of the Forest {spect, Int+4}.
Your tail-slap misses the +7 spear of the Forest {spect, Int+4}.
You block the hobgoblin's attack.
The +7 spear of the Forest {spect, Int+4} hits you but does no damage.
You block the hobgoblin's attack.
You block the +7 spear of the Forest {spect, Int+4}'s attack.
You miss the +7 spear of the Forest {spect, Int+4}.
You block the hobgoblin's attack.
The +7 spear of the Forest {spect, Int+4} hits you.
* * * LOW HITPOINT WARNING * * *
The hobgoblin hits you from afar with the +7 spear of the Forest {spect, Int+4}!
* * * LOW HITPOINT WARNING * * *
You block the +7 spear of the Forest {spect, Int+4}'s attack.
The hobgoblin barely misses you.
The +7 spear of the Forest {spect, Int+4} completely misses you.
You hit the +7 spear of the Forest {spect, Int+4} but do no damage.
You block the hobgoblin's attack.
The +7 spear of the Forest {spect, Int+4} hits you but does no damage.
You block the hobgoblin's attack.
The +7 spear of the Forest {spect, Int+4} hits you!
* * * LOW HITPOINT WARNING * * *
You closely miss the +7 spear of the Forest {spect, Int+4}.
The hobgoblin shares its spectral weapon's damage!
You tail-slap the +7 spear of the Forest {spect, Int+4}.
The +7 spear of the Forest {spect, Int+4} is lightly damaged.
The hobgoblin barely misses you.
The +7 spear of the Forest {spect, Int+4} hits you.
You die...

#### ### ##.# #..
... ...# #.# ####
#..#######.###...
###................
.
............######
... ##.######.###
.....###...#####.#
.....wg(@........#
...#####)..#######
##.## #.# ..# .###
.. #.


You could see a +7 spear of the Forest {spect, Int+4}, a ribbon worm and a
hobgoblin.

Vanquished Creatures
  A scorpion (D:4)
  A jelly (D:4)
  Ijyb (D:4)
  A gnoll (D:1)
  8 adders
  A shadow imp (D:4)
  4 dart slugs
  2 ribbon worms
  4 orcs (D:4)
  2 bats (D:1)
  6 endoplasms
  A giant cockroach (D:1)
  9 goblins
  4 hobgoblins
  22 jackals
  9 kobolds
  3 quokkas
  11 ball pythons
  4 frilled lizards
  11 rats
105 creatures vanquished.

Notes
Turn   | Place    | Note
-------+----------+-------------------------------------------
     0 | D:1      | reshaube the Armataur Berserker began the quest for the
                  | Orb.
     0 | D:1      | Reached XP level 1. HP: 18/18 MP: 1/1
    97 | D:1      | Reached XP level 2. HP: 24/25 MP: 2/2
   236 | D:1      | Reached skill level 3 in Armour
   297 | D:1      | Reached XP level 3. HP: 7/31 MP: 3/3
   419 | D:1      | Reached ** piety under Trog
  1031 | D:2      | Reached XP level 4. HP: 29/38 MP: 4/4
  1636 | D:3      | Reached XP level 5. HP: 39/45 MP: 5/5
  1672 | D:3      | Reached *** piety under Trog
  1796 | D:3      | Found a hide-covered altar of Uskayaw.
  1829 | D:3      | Reached skill level 4 in Armour
  2246 | D:4      | Noticed Ijyb
  2286 | D:4      | Killed Ijyb
  2492 | D:4      | Found a bloodstained altar of Trog.
  2514 | D:4      | Reached XP level 6. HP: 40/52 MP: 6/6
  2638 | D:4      | Identified the +7 spear of the Forest {spect, Int+4}
  2652 | D:4      | HP: 2/52 [+7 spear of the Forest {spect, Int+4}[a
                  | hobgoblin] (7)]
  2653 | D:4      | Slain by a +7 spear of the Forest {spect, Int+4}

Illustrated notes

Levels and vault maps discovered:
D:1:      lightli_arrival_quake, layout_basic, minmay_misc_feat_nine_boxes,
          minmay_pentomino_z2
D:2:      minmay_inner_zag, layout_rooms, minmay_misc_feat_x, grunt_ministairs_5
D:3:      layout_rooms, mainiacjoe_overflow_paths
D:4:      layout_loops_ring, mainiacjoe_overflow_24_doors,
          minmay_temple_entry_junction_2, uniq_ijyb

Skill      XL: |  1  2  3  4  5 |
---------------+----------------+-----
Fighting       | 3 |  3.9
Armour         | 3 4 |  4.5
Dodging        | 2 |  2.7
Axes           | 3 |  3.5

Action                     |  1- 3 |  4- 6 || total
---------------------------+-------+-------++-------
  Melee: Hand axe          |    97 |   218 ||   315
         Tailslap          |    13 |    18 ||    31
         Unarmed           |       |    25 ||    25
  Throw: Stone             |       |     2 ||     2
 Invoke: Berserk           |     2 |     3 ||     5
 Armour: Animal skin       |    55 |       ||    55
         Chain mail        |    44 |   175 ||   219
         Skin              |       |     9 ||     9
  Dodge: Dodged            |    54 |    65 ||   119
  Block: Tower shield      |       |   102 ||   102
